 Dungeon Crawl Stone Soup version 0.29-a0-200-gc7997b95f3 (webtiles) character file.

Game seed: 10674484014678043334

138 GabrielManson the Stinger (level 5, 0/41 HPs)
             Began as a Draconian Venom Mage on Feb 23, 2022.
             Succumbed to miscasting Mephitic Cloud's poison
             ... on level 4 of the Dungeon.
             The game lasted 00:16:00 (2689 turns).

GabrielManson the Stinger (Draconian Venom Mage)    Turns: 2689, Time: 00:16:00

Health: 0/41       AC:  5    Str: 11    XL:     5   Next: 1%
Magic:  2/9        EV: 12    Int: 15    God:
Gold:   58         SH:  0    Dex: 13    Spells: 4/10 levels left

rFire   . . .      SeeInvis .   a - +0 short sword
rCold   . . .      Faith    .   (no shield)
rNeg    + . .      Spirit   .   (body armour unavailable)
rPois   .          Reflect  .   (helmet restricted)
rElec   .          Harm     .   (no cloak)
rCorr   .          Rampage  .   (no gloves)
Will    .....                   (no boots)
Stlth   ++........              (no amulet)
HPRegen 0.13/turn               d - ring of positive energy
MPRegen 0.11/turn               (no ring)

@: lethally poisoned (0 -> -3), very slightly contaminated
A: AC +5, unfitting armour, cold-blooded
a: no special abilities


You were on level 4 of the Dungeon.
You visited 1 branch of the dungeon, and saw 4 of its levels.

You collected 58 gold pieces.

Inventory:

Hand Weapons
 a - a +0 short sword (weapon)
Missiles
 b - 4 poisoned darts
Jewellery
 d - a ring of positive energy (left hand)
Scrolls
 c - a scroll of enchant armour
 g - a scroll of magic mapping
 h - a scroll of identify {unknown}


   Skills:
 + Level 1.8 Fighting
 + Level 1.7 Short Blades
 - Level 2.3 Dodging
 - Level 1.7 Stealth
 - Level 3.0 Spellcasting
 - Level 2.0 Transmutations
 * Level 3.4 Poison Magic


You had 4 spell levels left.
You knew the following spells:

 Your Spells              Type           Power      Damage    Failure   Level
a - Sting                 Tmut/Pois      40%        1d5       7%          1
b - Poisonous Vapours     Pois/Air       14%        N/A       16%         2
c - Mephitic Cloud        Conj/Pois/Air  5%         N/A       36%         3

Your spell library contained the following spells:

 Spells                   Type           Power      Damage    Failure   Level
 Olgreb's Toxic Radiance  Pois           12%        N/A       45%         4


Dungeon Overview and Level Annotations

Branches:
Dungeon (4/15)
 Temple: D:4-7

Altars:

Annotations:
D:3 Robin


Innate Abilities, Weirdness & Mutations

Your plain brown scales are hard. (AC +5)
You cannot fit into any form of body armour.
You are cold-blooded and may be slowed by cold attacks.


Message History

You miscast Mephitic Cloud.
Nothing appears to happen.
The orc barely misses you.
An orc comes into view. It is wielding a +0 short sword.
The orc shouts!
The orc hits you with a +0 dagger.
* * * LOW HITPOINT WARNING * * *
Your magical contamination has completely faded away.
You see here a metallic amethyst potion.
Casting: Mephitic Cloud (quite dangerous; 36% risk of failure)
Confirm with . or Enter, or press ? or * to list all spells.
The spell is quite dangerous to miscast (36% risk of failure)!
Continue anyway? [Y]es or [N]o only, please.
The spell is quite dangerous to miscast (36% risk of failure)!
Continue anyway?
Aiming: Mephitic Cloud (quite dangerous; 36% risk of failure)
Press: ? - help, Shift-Dir - straight line, f - orc, p - orc
Aim: an orc, wielding a +0 short sword (chance to affect: 96%)
The ball explodes into a vile cloud!
The stinking cloud engulfs the orc but does no damage. x2
You hear a shout! x2
The orc is engulfed in noxious fumes.
The orc appears confused.
The orc closely misses the orc.
The orc is engulfed in noxious fumes.
The orc appears confused.
The orc closely misses the orc.
The orc hits itself with a +0 short sword.
The orc is engulfed in noxious fumes.
The orc appears confused.
Casting: Mephitic Cloud (quite dangerous; 36% risk of failure)
Confirm with . or Enter, or press ? or * to list all spells.
The spell is quite dangerous to miscast (36% risk of failure)!
Continue anyway?
Aiming: Mephitic Cloud (quite dangerous; 36% risk of failure)
Press: ? - help, Shift-Dir - straight line, f/p - orc
Aim: an orc, wielding a +0 short sword (lightly wounded, confused, chance to affect: 96%)
You miscast Mephitic Cloud.
You are very lightly contaminated with residual magic.
You feel incredibly sick!
You are poisoned.
* * * LOW HITPOINT WARNING * * *
x2 You feel sick.
* * * LOW HITPOINT WARNING * * *
You feel sick.
You die...

#.o## ##..##.#.#
#..# #.....#.# #oo#
#.....#.# #.o#
≈≈.#.....#o##
#..#.≈≈≈.#........+
#..#..≈..#.....##.#
#..##...##.#...#
..#
##..#...#..#...#
..# #.@##.##......#
..# #...#.#.......#
..# #.......g.....#
... ##............#
#.........#...#
#....#.#...#####
#...##.##.....
#...#...#...##
#..##...##..#


You could see 3 orcs.

Vanquished Creatures
  Jessica (D:2)
  4 gnolls
  3 adders (D:2)
  2 dart slugs (D:1)
  4 endoplasms (D:1)
  3 giant cockroaches
  3 goblins
  3 hobgoblins (D:1)
  3 jackals (D:1)
  2 quokkas (D:2)
  5 ball pythons
  2 bats
  3 frilled lizards
  4 kobolds (D:1)
  3 rats (D:1)
45 creatures vanquished.

Notes
Turn   | Place    | Note
-------+----------+-------------------------------------------
     0 | D:1      | GabrielManson the Draconian Venom Mage began the quest for
                  | the Orb.
     0 | D:1      | Reached XP level 1. HP: 14/14 MP: 3/3
   311 | D:1      | Reached XP level 2. HP: 12/20 MP: 0/5
   458 | D:1      | Learned a level 2 spell: Poisonous Vapours
   508 | D:1      | HP: 1/20 [gnoll/+0 club (6)]
   944 | D:1      | Reached XP level 3. HP: 20/26 MP: 1/6
  1038 | D:1      | Learned a level 3 spell: Mephitic Cloud
  1898 | D:2      | Noticed Jessica
  1920 | D:2      | Killed Jessica
  1921 | D:2      | Reached skill level 1 in Fighting
  1921 | D:2      | Reached skill level 1 in Short Blades
  1921 | D:2      | Reached XP level 4. HP: 22/35 MP: 1/8
  2487 | D:2      | Found a faded altar of an unknown god.
  2521 | D:3      | Noticed Robin
  2561 | D:4      | HP: 1/36 [goblin/+0 dagger (1)]
  2563 | D:4      | Reached XP level 5. HP: 2/41 MP: 6/9
  2687 | D:4      | HP: 2/41 [poisoned by miscasting Mephitic Cloud]
  2689 | D:4      | Succumbed to miscasting Mephitic Cloud's poison

Illustrated notes

Levels and vault maps discovered:
D:1:      sevenhm_arrival_forest_fort_small_4, layout_rooms, minmay_pentomino_q4
D:2:      layout_basic, basic_altar, nicolae_ecumenical_lake_church,
          minivault_14, kennysheep_generic_room_7, uniq_jessica
D:3:      layout_loops_ring, uniq_ijyb, uniq_robin, uniq_terence
D:4:      nicolae_cairo_tiling_very_big, layout_basic, minmay_misc_feat_iff,
          minmay_fire_ice_demons

Skill      XL: |  1  2  3  4 |
---------------+-------------+-----
Dodging        | 2 |  2.3
Transmutations | 2 |  2.0
Fighting       | 1 |  1.8
Short Blades   | 1 |  1.7
Spellcasting   | 3 |  3.0
Stealth        | |  1.7
Poison Magic   | |  3.4

Action                   |  1- 3 |  4- 6 || total
-------------------------+-------+-------++-------
Melee: Short sword       |    74 |    40 ||   114
       Unarmed           |     5 |       ||     5
       Tailslap          |     4 |     4 ||     8
Throw: Dart              |       |     1 ||     1
 Cast: Sting             |    14 |     7 ||    21
       Poisonous Vapours |     9 |     1 ||    10
       Mephitic Cloud    |       |     4 ||     4
  Use: Potion            |     2 |       ||     2
       Scroll            |       |     2 ||     2
 Stab: Sleeping          |       |     2 ||     2
Armor: Skin              |    29 |    18 ||    47
Dodge: Dodged            |    75 |    54 ||   129

Table legend: (Time is in decaauts)
 A = Elapsed time spent in this place.
 B = Non-inter-level travel time spent in this place.
 C = Inter-level travel time spent in this place.
 D = Time resting spent in this place.
 E = Time spent auto-exploring this place.
 F = Levels seen in this place.
 G = Mean time per level.
                   A        B        C        D        E       F      G
               +--------+--------+--------+--------+--------+-----+--------+
         Total |   2723 |   2723 |      0 |   1030 |    838 |   4 |  680.8 |
       Dungeon |   2723 |   2723 |      0 |   1030 |    838 |   4 |  680.8 |
               +--------+--------+--------+--------+--------+-----+--------+

Top non-repeatable levels by time:
     D:1: 1702 daAuts
     D:2: 853 daAuts
     D:4: 130 daAuts
     D:3: 36 daAuts
